 Dungeon Crawl Stone Soup version 0.27.1 (webtiles) character file.

Game seed: 3432208748546407991

86 r3algoood the Chiller (level 4, 0/24 HPs)
             Began as a Deep Elf Ice Elementalist on Aug 31, 2021.
             Slain by a gnoll (3 damage)
             ... on level 4 of the Dungeon.
             The game lasted 00:11:27 (3647 turns).

r3algoood the Chiller (Deep Elf Ice Elementalist)   Turns: 3647, Time: 00:11:28

Health: 0/24       AC:  4    Str:  5    XL:     4   Next: 27%
Magic:  4/13       EV: 13    Int: 27    God:
Gold:   167        SH:  0    Dex: 15    Spells: 5/13 levels left

rFire    . . .     SeeInvis .   c - +0 dagger
rCold    . . .     Faith    .   (no shield)
rNeg     . . .     Spirit   .   a - +0 robe
rPois    .         Reflect  .   (no helmet)
rElec    .         Harm     .   l - +0 cloak {Will+}
rCorr    .         Rampage  .   e - +0 pair of gloves
Will     +....                  (no boots)
Stlth    ++........             (no amulet)
HPRegen  0.08/turn              b - +6 ring of intelligence
MPRegen  0.13/turn              (no ring)

@: very slightly contaminated
A: no striking features
a: no special abilities


You were on level 4 of the Dungeon.
You visited 1 branch of the dungeon, and saw 4 of its levels.

You collected 167 gold pieces.

Inventory:

Hand Weapons
 c - a +0 dagger (weapon)
Armour
 a - a +0 robe (worn)
 e - a +0 pair of gloves (worn)
 l - a +0 cloak of willpower (worn)
Jewellery
 b - a +6 ring of intelligence (left hand)
 i - an amulet of guardian spirit
 m - a +4 ring of protection
Scrolls
 g - 2 scrolls of magic mapping {unknown}
 h - a scroll of silence {unknown}
 j - 3 scrolls of identify {unknown}
 k - a scroll of blinking {unknown}
 n - a scroll of enchant armour {unknown}
 o - a scroll of summoning {unknown}
 p - a scroll of noise {unknown}
Potions
 d - 2 potions of attraction {unknown}
 f - a potion of haste {unknown}


   Skills:
 + Level 0.1 Short Blades
 + Level 2.7 Dodging
 + Level 2.7 Stealth
 + Level 5.0 Spellcasting
 + Level 0.1 Conjurations
 + Level 5.0 Ice Magic


You had 5 spell levels left.
You knew the following spells:

 Your Spells              Type           Power      Damage    Failure   Level
a - Freeze                Ice            100%       1d11      1%          1
b - Ozocubu's Armour      Ice            34%        N/A       2%          3
c - Hailstorm             Conj/Ice       20%        3d6       24%         4

Your spell library contained the following spells:

 Spells                   Type           Power      Damage    Failure   Level
 Frozen Ramparts          Ice            68%        1d8       2%          3
 Ensorcelled Hibernation  Hex/Ice        40%        N/A       3%          2
 Beastly Appendage        Tmut           12%        N/A       7%          1
 Wereblood                Tmut           6%         N/A       11%         2
 Spider Form              Tmut/Pois      3%         N/A       22%         3
 Shadow Creatures         Summ           N/A        N/A       100%        6


Dungeon Overview and Level Annotations

Branches:
Dungeon (4/15)
 Temple: D:4-7

Altars:
Gozag


Message History

Confirm with . or Enter, or press ? or * to list all spells.
You can't see any susceptible monsters within range! (Use Z to cast anyway.)
Casting: Freeze (safe; 1% risk of failure)
Confirm with . or Enter, or press ? or * to list all spells.
You don't know that spell.
Casting: Freeze (safe; 1% risk of failure)
Confirm with . or Enter, or press ? or * to list all spells.
The spell is potentially lethal to cast (24% risk of failure)!
Continue anyway?
Casting: Hailstorm (potentially lethal; 24% risk of failure)
Press: ? - help, Dir - look around, f - activate You miscast Hailstorm.
You are very lightly contaminated with residual magic.
Nothing appears to happen.
There is a stone staircase leading up here.
Casting: Hailstorm (potentially lethal; 24% risk of failure)
Confirm with . or Enter, or press ? or * to list all spells.
The spell is potentially lethal to cast (24% risk of failure)!
Continue anyway?
Casting: Hailstorm (potentially lethal; 24% risk of failure)
Press: ? - help, Dir - look around, f - activate You miscast Hailstorm.
Strange energies run through your body!
Casting: Hailstorm (potentially lethal; 24% risk of failure)
Confirm with . or Enter, or press ? or * to list all spells.
A film of ice covers your body!
The gnoll shouts!
The gnoll hits you from afar with a +0 halberd!
* * * LOW HITPOINT WARNING * * *
Your icy armour will break if you move.
Continue?
Okay, then.
Your icy armour will break if you move.
Continue? [Y]es or [N]o only, please.
Your icy armour will break if you move.
Continue? [Y]es or [N]o only, please.
Your icy armour will break if you move.
Continue?
Your icy armour cracks and falls away as you move.
The gnoll barely misses you.
Found a stone staircase leading up.
The gnoll closely misses you.
Found a scimitar.
Found 12 gold pieces.
The gnoll hits you but does no damage.
The gnoll hits you from afar with a +0 spear.
You die...

## .. #...##......
..#.
..##..........
..).##.
##.........
...#..###.........
...............##
#.#.##..##.......
#.#.#g.<.....##..
#....gg.......# .
#..@......##..#
#......###.#....
#.....#..##
.......
#.....#.... ##....
##.....#.... #
#..........#
#.<..####### ..$.#


You could see 3 gnolls.

Vanquished Creatures
  3 adders
  A worm (D:2)
  A dart slug (D:1)
  4 endoplasms
  6 goblins
  6 hobgoblins
  A jackal (D:1)
  5 quokkas
  4 ball pythons
  7 bats
  5 frilled lizards
  7 kobolds
  4 rats
54 creatures vanquished.

Notes
Turn   | Place    | Note
-------+----------+-------------------------------------------
     0 | D:1      | r3algoood the Deep Elf Ice Elementalist began the quest for
                  | the Orb.
     0 | D:1      | Reached XP level 1. HP: 10/10 MP: 6/6
   537 | D:1      | Reached XP level 2. HP: 13/15 MP: 4/8
   848 | D:1      | Found a faded altar of an unknown god.
  1217 | D:1      | Reached skill level 5 in Ice Magic
  1596 | D:2      | Reached XP level 3. HP: 19/19 MP: 6/10
  1600 | D:2      | Learned a level 3 spell: Ozocubu's Armour
  1767 | D:2      | Found an opulent altar of Gozag.
  3052 | D:3      | Reached XP level 4. HP: 24/24 MP: 10/12
  3061 | D:3      | Learned a level 4 spell: Hailstorm
  3425 | D:3      | Reached skill level 5 in Spellcasting
  3647 | D:4      | Slain by a gnoll

Illustrated notes

Levels and vault maps discovered:
D:1:      minmay_arrival_four_loops, layout_loops_ring, basic_ecumenical_altar,
          palyth_stone_intersect, minmay_misc_feat_ornament, minmay_pentomino_q4
D:2:      layout_loops_ring, basic_altar, kennysheep_small_spiral
D:3:      layout_rooms, minmay_misc_feat_cross
D:4:      layout_cave_pools, grunt_temple_overflow_order_and_chaos_1,
          nicolae_tso_carved_into_rock, lemuel_round_altar,
          mainiacjoe_overflow_concentric_impassable, temple_pool_b,
          wad_rectangle_vault

Skill      XL: |  1  2  3  4 |
---------------+-------------+-----
Ice Magic      | 5 |  5.0
Spellcasting   | 4 5 |  5.0
Short Blades   | |  0.1
Dodging        | |  2.7
Stealth        | |  2.7
Conjurations   | |  0.1

Action                   |  1- 3 |  4- 6 || total
-------------------------+-------+-------++-------
Melee: Unarmed           |     9 |       ||     9
       Dagger            |    34 |     5 ||    39
 Cast: Freeze            |    51 |     9 ||    60
       Ozocubu's Armour  |     1 |     2 ||     3
       Hailstorm         |       |     2 ||     2
 Stab: Sleeping          |     1 |       ||     1
Armor: Robe              |    16 |    11 ||    27
Dodge: Dodged            |    43 |    15 ||    58
